AoeStats
← Meu Café Esfrio

Arena

509714526Analyzed
3v3 RM · 5d ago on Sep 27, 2026· 77m 16s· 6 players
Game mode
Random Map
Map size
Normal (6 player)
Population
200
Speed
Normal
Resources
Standard
Victory
Conquest
Starting age
Dark Age
Ending age
Imperial Age
RankedLock teamsTeams togetherTeam positionsShared explorationLock speedFull tech treeHidden civsTurbo modeCheats
Victory
Defeat
🇹🇷 Cumans · Türkiye
894
+11
🇹🇷 Saracens · Türkiye
885
+11
🇹🇷 Hindustanis · Türkiye
772
+16
🇧🇷 Georgians · Brazil
820
-37
🇧🇷 Byzantines · Brazil
774
-13
🇧🇪 Teutons · Belgium
743
-11
cXb_Foxtrot
0:29 Loom
11:19 Feudal Age
18:58 Castle Age
20:28 Double-Bit Axe
20:27 Horse Collar
24:00 Pikeman
24:43 Squires
26:12 Thumb Ring
26:29 Bow Saw
26:09 Elite Skirmisher
28:50 Wheelbarrow
33:25 Imperial Age
32:18 Hand Cart
32:08 Heavy Plow
32:22 Arson
34:00 Forging
33:51 Scale Mail Armor
33:42 Fletching
33:53 Padded Archer Armor
34:39 Capped Ram
36:24 Crop Rotation
36:29 Conscription
39:47 Iron Casting
39:28 Chain Mail Armor
39:09 Bodkin Arrow
39:29 Leather Archer Armor
40:16 Caravan
40:47 Gold Mining
40:50 Stone Mining
41:42 Ballistics
42:39 Bracer
43:31 Ring Archer Armor
44:31 Halberdier
46:32 Chemistry
47:17 Plate Mail Armor
49:33 Murder Holes
49:48 Fortified Wall
49:22 Treadmill Crane
49:20 Elite Varangian Guard
56:52 Husbandry
sixmonts1985
1:15 Loom
7:36 Loom
11:02 Feudal Age
12:21 Wheelbarrow
14:00 Double-Bit Axe
14:55 Horse Collar
15:17 Gold Mining
22:08 Castle Age
20:47 Stone Mining
22:58 Caravan
23:29 Coinage
24:17 Heavy Plow
28:01 Stone Shaft Mining
28:30 Bow Saw
31:09 Imperial Age
30:42 Man-at-Arms
30:43 Pikeman
32:37 Halberdier
37:08 Scale Mail Armor
37:19 Forging
37:54 Crop Rotation
38:51 Elite Teutonic Knight
41:37 Crenellations
41:04 Long Swordsman
41:45 Squires
41:31 Arson
41:32 Gambesons
42:27 Two-Handed Swordsman
44:20 Banking
45:08 Elite Skirmisher
46:38 Chain Mail Armor
46:59 Iron Casting
53:04 Two-Man Saw
52:46 Crossbowman
54:02 Cavalier
55:26 Guilds
57:08 Chemistry
57:36 Paladin
Meu Café Esfrio
1:44 Loom
14:16 Feudal Age
14:37 Horse Collar
14:43 Double-Bit Axe
17:34 Wheelbarrow
18:02 Gold Mining
22:46 Castle Age
21:51 Stone Mining
24:03 Bloodlines
26:07 Husbandry
25:29 Light Cavalry
27:55 Bow Saw
27:53 Heavy Plow
30:18 Town Watch
30:48 Scale Barding Armor
32:28 Hand Cart
32:33 Pikeman
33:15 Squires
33:00 Gambesons
37:36 Forging
37:27 Scale Mail Armor
40:01 Stone Shaft Mining
42:48 Imperial Age
40:44 Svan Towers
41:44 Arson
42:30 Fortified Wall
42:40 Ballistics
42:02 Treadmill Crane
42:18 Murder Holes
42:47 Chain Barding Armor
42:43 Chain Mail Armor
43:04 Iron Casting
43:26 Town Patrol
44:02 Crop Rotation
43:31 Arrowslits
44:09 Aznauri Cavalry
44:23 Halberdier
45:30 Hussar
50:05 Blast Furnace
49:30 Siege Engineers
51:55 Plate Mail Armor
52:01 Plate Barding Armor
53:15 Cavalier
NexuizClassic
9:58 Feudal Age
11:56 Double-Bit Axe
12:09 Horse Collar
19:10 Castle Age
18:08 Wheelbarrow
17:45 Town Watch
22:10 Loom
25:57 Bow Saw
25:53 Heavy Plow
27:27 Hand Cart
27:42 Murder Holes
27:46 Fletching
29:45 Masonry
30:46 Ballistics
32:02 Town Patrol
32:19 Scale Barding Armor
32:47 Forging
35:16 Husbandry
35:28 Bloodlines
37:36 Fortified Wall
41:31 Imperial Age
40:50 Caravan
41:38 Chain Barding Armor
41:54 Iron Casting
41:15 Bodkin Arrow
41:37 Elite Mameluke
42:40 Conscription
43:12 Hoardings
44:05 Two-Man Saw
44:16 Plate Barding Armor
45:15 Blast Furnace
44:10 Gold Mining
45:16 Bracer
46:26 Chemistry
46:15 Coinage
49:00 Scale Mail Armor
49:01 Padded Archer Armor
49:10 Siege Engineers
57:36 Banking
60:32 Chain Mail Armor
60:33 Leather Archer Armor
60:34 Careening
60:34 Clinker Construction
60:31 Siphons
60:11 Arrowslits
60:18 Guard Tower
61:45 Plate Mail Armor
61:02 Gambesons
61:03 Arson
61:18 Squires
60:39 Pikeman
60:40 Man-at-Arms
60:43 Light Cavalry
60:45 Heavy Camel Rider
61:20 Stone Mining
62:06 Gold Shaft Mining
62:53 Ring Archer Armor
61:46 Hussar
62:34 Thumb Ring
62:55 Parthian Tactics
61:53 Heavy Cavalry Archer
61:55 Elite Skirmisher
61:56 Crossbowman
63:03 Carvel Hull
63:05 Dry Dock
64:54 Long Swordsman
64:57 Arbalester
65:56 Incendiaries
66:23 Keep
66:54 Counterweights
66:56 Bimaristan
66:15 Capped Ram
66:18 Onager
67:59 Sanctity
67:41 Devotion
67:54 Redemption
67:45 Atonement
67:56 Fervor
68:02 Block Printing
68:13 Illumination
67:44 Herbal Medicine
68:25 Theocracy
68:13 Heresy
68:00 Siege Ram
69:11 Faith
73:34 Spies/Treason
butterfly
0:27 Loom
11:00 Feudal Age
11:24 Horse Collar
11:32 Double-Bit Axe
12:25 Wheelbarrow
18:58 Stone Mining
19:01 Gold Mining
20:58 Forging
20:49 Scale Mail Armor
24:13 Castle Age
24:28 Padded Archer Armor
24:20 Fletching
28:11 Chain Mail Armor
29:15 Bow Saw
31:50 Imperial Age
30:46 Iron Casting
30:07 Bodkin Arrow
30:14 Elite Skirmisher
30:58 Squires
31:44 Gold Shaft Mining
32:16 Leather Archer Armor
33:51 Pikeman
35:38 Conscription
36:30 Stone Shaft Mining
36:18 Hand Cart
36:47 Grand Trunk Road
37:09 Heavy Plow
38:39 Blast Furnace
37:41 Bracer
40:00 Ring Archer Armor
40:00 Elite Ghulam
44:38 Chemistry
43:59 Ballistics
67:00 Murder Holes
76:07 Spies/Treason
TheCucumberLord
0:27 Loom
11:07 Feudal Age
11:59 Horse Collar
12:08 Double-Bit Axe
23:27 Castle Age
23:19 Gold Mining
23:44 Bloodlines
24:41 Town Watch
25:59 Town Patrol
27:36 Forging
27:32 Scale Barding Armor
28:23 Wheelbarrow
27:59 Steppe Husbandry
30:43 Iron Casting
33:19 Imperial Age
31:44 Chain Barding Armor
33:17 Hand Cart
33:24 Hand Cart
35:06 Plate Barding Armor
34:57 Heavy Plow
35:10 Bow Saw
35:37 Gold Shaft Mining
36:57 Ballistics
37:39 Chemistry
37:09 Thumb Ring
37:28 Masonry
37:57 Pikeman
39:10 Halberdier
40:54 Blast Furnace
39:55 Scale Mail Armor
40:00 Squires
39:26 Elite Skirmisher
42:15 Conscription
42:31 Chain Mail Armor
42:08 Arson
44:01 Plate Mail Armor
44:59 Elite Steppe Lancer
45:41 Fletching
45:51 Padded Archer Armor
68:09 Bodkin Arrow
68:29 Leather Archer Armor
74:14 Ring Archer Armor
73:54 Murder Holes
73:51 Heated Shot
74:18 Fervor
76:47 Spies/Treason
78:03 Hoardings
77:02 Sappers
76:59 Elite Kipchak
77:13 Man-at-Arms
Connection lost

Rejoining the realm…

Still unreachable

The connection could not be restored.

Session expired

The server has moved on; the page needs a fresh start.